AoeStats
← Dirkhvh

Golden Pit

508018665Analyzed
1v1 RM · 13d ago on Sep 20, 2026· 45m 45s· 2 players
Game mode
Random Map
Map size
Tiny (2 player)
Population
200
Speed
Normal
Resources
Standard
Victory
Conquest
Starting age
Dark Age
Ending age
Imperial Age
RankedLock teamsTeams togetherTeam positionsShared explorationLock speedFull tech treeHidden civsTurbo modeCheats
Victory
Defeat
🇹🇷 Bohemians · Türkiye
653
+14
🇺🇸 Magyars · United States
610
-14
Dirkhvh
11:15 Feudal Age
11:46 Horse Collar
12:33 Double-Bit Axe
14:22 Bloodlines
21:37 Castle Age
20:15 Loom
21:37 Scale Barding Armor
21:31 Fletching
23:04 Thumb Ring
23:30 Bodkin Arrow
24:14 Padded Archer Armor
27:46 Ballistics
27:55 Husbandry
29:41 Bow Saw
29:34 Heavy Plow
41:08 Imperial Age
39:49 Corvinian Army
42:39 Bracer
42:45 Scale Barding Armor
43:27 Elite Magyar Huszar
44:09 Recurve Bow
kemal97.kilinc
3:15 Loom
7:00 Loom
10:30 Feudal Age
18:28 Castle Age
20:34 Double-Bit Axe
21:28 Bow Saw
22:17 Wheelbarrow
22:25 Crossbowman
24:47 Horse Collar
27:28 Ballistics
28:20 Heavy Plow
29:20 Fervor
31:07 Sanctity
31:51 Wagenburg Tactics
34:52 Chemistry
34:21 Hand Cart
38:38 Imperial Age
36:16 Fletching
36:27 Padded Archer Armor
36:41 Redemption
38:40 Murder Holes
39:46 Arbalester
40:37 Hussite Reforms
45:00 Bodkin Arrow
45:21 Leather Archer Armor
Connection lost

Rejoining the realm…

Still unreachable

The connection could not be restored.

Session expired

The server has moved on; the page needs a fresh start.